 Dungeon Crawl Stone Soup version 0.17.0-26-gececa24 (webtiles) character file.

2084 multipassport the Grave Robber (level 9, -3/69 HPs)
             Began as a Mummy Necromancer on Nov 19, 2015.
             Slain by a hell rat (7 damage)
             ... on level 7 of the Dungeon.
             The game lasted 00:40:39 (8069 turns).

multipassport the Grave Robber (Mummy Necromancer)  Turns: 8069, Time: 00:40:40

Health: -3/69      AC:  3    Str: 11    XL:     9   Next: 6%
Magic:  14/18      EV: 17    Int: 18    God:
Gold:   349        SH:  0    Dex: 12    Spells: 5 memorised, 7 levels left

rFire  x . .     SeeInvis .     u - staff of conjuration
rCold  + . .     Clarity  .     a - +0 robe
rNeg   + + +     SustAt   .     (no shield)
rPois  ∞         Gourm    .     (no helmet)
rElec  +         Spirit   .     (no cloak)
rCorr  .         Warding  .     m - +0 pair of gloves
rMut   .         Rnd*Tele +     (no boots)
MR     +....                    (no amulet)
Stlth  ++........               t - +3 ring of evasion
                                v - ring of the Four Lives {+/*Tele rElec}

@: somewhat resistant to hostile enchantments, unstealthy
A: no food or potions, fire vulnerability, cold resistance 1, negative energy
resistance 3, torment resistance, unbreathing
a: Evoke Teleportation


You were on level 7 of the Dungeon.
You were not hungry.

You visited 2 branches of the dungeon, and saw 9 of its levels.

You collected 349 gold pieces.

Inventory:

Hand Weapons
 j - a +3 dagger of venom
Armour
 a - a +0 robe (worn)
 m - a +0 pair of gloves (worn)
 s - a +0 helmet
Magical Staves
 u - an uncursed staff of conjuration (weapon)
Jewellery
 f - a +4 ring of dexterity
 t - a +3 ring of evasion (right hand)
 v - the ring of the Four Lives (left hand) {+/*Tele rElec}
   (You found it on level 7 of the Dungeon)

   [ring of teleportation]

   It may teleport you to nearby monsters, and can be evoked to randomly
   teleport.
   It insulates you from electricity.
Wands
 n - a wand of magic darts (23)
 o - a wand of frost (38)
 r - a wand of magic darts (40)
Scrolls
 c - 2 scrolls of remove curse
 d - 4 scrolls of identify
 e - 2 scrolls of fear
 g - 3 scrolls of magic mapping
 h - 2 scrolls of fog
 i - a scroll of teleportation
 k - a scroll of enchant armour {unknown}
 l - a scroll of enchant weapon
 p - a scroll of immolation {unknown}
Books
 b - a book of Necromancy

   Spells                             Type                      Level
   a - Pain                           Necromancy                   1
   b - Animate Skeleton               Necromancy                   1
   c - Vampiric Draining              Necromancy                   3
   d - Regeneration                   Charms/Necromancy            3
   e - Animate Dead                   Necromancy                   4
   f - Control Undead                 Necromancy                   4
 q - a book of Dreams

   Spells                             Type                      Level
   a - Ensorcelled Hibernation        Hexes/Ice                    2
   b - Phase Shift                    Translocation                5
   c - Shadow Creatures               Summoning                    5
   d - Silence                        Hexes/Air                    5
   e - Darkness                       Hexes                        6
   f - Mass Confusion                 Hexes                        6


   Skills:
 + Level 5.9 Fighting
 + Level 4.9 Dodging
 - Level 1.5 Stealth
 + Level 6.0 Spellcasting
 + Level 7.1 Necromancy


You had 7 spell levels left.
You knew the following spells:

 Your Spells              Type           Power        Failure   Level  Hunger
a - Pain                  Necr           ####         1%          1    N/A
b - Animate Skeleton      Necr           N/A          1%          1    N/A
c - Vampiric Draining     Necr           ####......   1%          3    N/A
d - Animate Dead          Necr           N/A          8%          4    N/A
e - Control Undead        Necr           ####......   8%          4    N/A

Dungeon Overview and Level Annotations

Branches:
Dungeon (8/15)             Temple (1/1) D:4
   Lair: D:8-11

Altars:
Ashenzari
Cheibriados
Dithmenos
Elyvilon
Fedhas
Gozag
Kikubaaqudgha
Makhleb
Nemelex Xobeh
Qazlal
Ru
Sif Muna
Trog
Vehumet
Xom
Yredelemnul
The Shining One


Innate Abilities, Weirdness & Mutations

You do not eat or drink.
Your flesh is vulnerable to fire.
You are immune to poison.
Your flesh is cold resistant.
You are immune to negative energy.
You are immune to unholy pain and torment.
You can survive without breathing.


Message History

The rat closely misses you.
Found 26 stones.
The river rat twitches its whiskers.
The rat misses you.
You hit the rat but do no damage. The rat closely misses you.
You closely miss the hell rat. The hell rat bites you.
You hit the hell rat.
The hell rat is lightly wounded.
The hell rat bites you!
You hit the hell rat but do no damage.
The hell rat is lightly wounded.
The hell rat bites you!!
* * * LOW HITPOINT WARNING * * *
The hell rat bites you!
* * * LOW HITPOINT WARNING * * *
A rat comes into view.
Casting: Pain
Confirm with . or Enter, or press ? or * to list all spells.
Nothing appears to happen.
The rat moves out of view.
The hell rat bites you!
You die...

## #. (# ##.#
#@# ###r# #.rr#
##r###
##.#rrr.##.#
#....r.rr.r#
....#.rrr.r..#
...###...r.....#
.# ##........#


You could see a hell rat, 2 river rats and 4 rats.

Vanquished Creatures
  Duvessa (D:4)
  2 ice beasts
  3 ogres
  A necrophage (D:7)
  A centaur (D:6)
  3 giant frogs
  Blork the orc (D:4)
  Dowan (D:4)
  2 scorpions
  A crimson imp (D:6)
  5 giant frog zombies
  An iguana (D:6)
  A hound (D:6)
  4 orc wizards
  A gnoll shaman (D:4)
  2 jellies
  2 orc priests
  Terence (D:2)
  3 worker ants
  7 gnolls
  8 adders
  2 shadow imps (D:6)
  An adder skeleton (D:5)
  2 worms (D:2)
  7 giant geckos
  18 orcs
  8 bats
  5 giant cockroaches
  4 goblins
  6 hobgoblins
  12 jackals
  4 quokkas
  A ball python (D:1)
  2 giant cockroach zombies (D:5)
  4 giant newts
  11 kobolds
  8 rats
146 creatures vanquished.

Vanquished Creatures (collateral kills)
  3 crimson imps
  A hound (D:7)
  An orc priest (D:3)
  An iguana (D:4)
  An adder (D:3)
  2 shadow imps (D:6)
  A worm (D:7)
  2 orcs
  A goblin (D:1)
  4 jackals (D:5)
  A quokka (D:3)
18 creatures vanquished.

Grand Total: 164 creatures vanquished

Notes
Turn   | Place    | Note
--------------------------------------------------------------
     0 | D:1      | multipassport the Mummy Necromancer began the quest for the Orb.
     0 | D:1      | Reached XP level 1. HP: 13/13 MP: 3/3
   394 | D:1      | Reached XP level 2. HP: 18/20 MP: 0/5
   413 | D:1      | Reached skill level 1 in Fighting
   515 | D:1      | Learned a level 1 spell: Animate Skeleton
  1157 | D:2      | Reached XP level 3. HP: 26/26 MP: 4/6
  1162 | D:2      | Learned a level 3 spell: Vampiric Draining
  1291 | D:2      | Found a shadowy altar of Dithmenos.
  1575 | D:2      | Noticed Terence
  1594 | D:2      | Killed Terence
  1594 | D:2      | Reached XP level 4. HP: 30/33 MP: 0/7
  1921 | D:2      | Found a bloodstained altar of Trog.
  2295 | D:3      | You fall through a shaft!
  2301 | D:4      | Noticed an ogre
  2342 | D:3      | Reached XP level 5. HP: 34/39 MP: 4/9
  2424 | D:3      | Noticed an ice beast
  2442 | D:3      | Killed an ice beast
  3151 | D:3      | Reached XP level 6. HP: 47/47 MP: 9/11
  3212 | D:4      | Found a staircase to the Ecumenical Temple.
  3221 | Temple   | Entered the Ecumenical Temple
  3233 | Temple   | Killed an ogre
  3233 | Temple   | Reached skill level 5 in Necromancy
  3682 | D:4      | Noticed Dowan
  3686 | D:4      | Noticed Duvessa
  3699 | D:4      | Killed Duvessa
  3699 | D:4      | Reached XP level 7. HP: 40/52 MP: 7/13
  3727 | D:5      | Entered Level 5 of the Dungeon
  3926 | D:5      | Found a glowing golden altar of the Shining One.
  3935 | D:4      | Your ally Duvessa died
  4023 | D:4      | Killed Dowan
  4133 | D:4      | Your ally Dowan died
  4257 | D:4      | Noticed Blork the orc
  4268 | D:4      | Killed Blork the orc
  4434 | D:4      | Learned a level 4 spell: Animate Dead
  4439 | D:4      | Learned a level 4 spell: Control Undead
  4463 | D:4      | Your ally Blork died
  4824 | D:5      | Found a white marble altar of Elyvilon.
  5417 | D:5      | Found an ancient bone altar of Kikubaaqudgha.
  5428 | D:5      | Reached skill level 6 in Necromancy
  5516 | D:5      | Reached XP level 8. HP: 46/61 MP: 8/15
  5684 | D:6      | Reached skill level 5 in Spellcasting
  6040 | D:6      | Reached skill level 5 in Fighting
  7481 | D:7      | You fall through a shaft!
  7700 | D:7      | Got a brightly glowing silver ring
  7701 | D:7      | Identified the ring of the Four Lives {+/*Tele rElec} (You found it on level 7 of the Dungeon)
  7833 | D:7      | Reached skill level 7 in Necromancy
  7833 | D:7      | Reached XP level 9. HP: 35/69 MP: 16/18
  8069 | D:7      | Slain by a hell rat

Action                   |  1- 3 |  4- 6 |  7- 9 || total
-------------------------+-------+-------+-------++-------
Melee: Unarmed           |    15 |       |       ||    15
       Dagger            |    19 |    48 |   114 ||   181
       Short sword       |    14 |    13 |       ||    27
       Staff             |       |       |   139 ||   139
 Cast: Pain              |    57 |    93 |   172 ||   322
       Animate Skeleton  |     5 |    23 |    25 ||    53
       Control Undead    |       |       |     8 ||     8
       Vampiric Draining |       |       |     5 ||     5
  Use: Scroll            |       |       |     7 ||     7
 Stab: Distracted        |       |     2 |     4 ||     6
       Sleeping          |       |     1 |     1 ||     2
